 Dungeon Crawl Stone Soup version 0.19.0-11-g3fc08b3 (webtiles) character file.

1360 Haldmier the Chiller (level 8, 0/46 HPs)
             Began as a High Elf Ice Elementalist on Nov 8, 2016.
             Was an Initiate of Ashenzari.
             Slain by a scorpion (7 damage)
             ... on level 6 of the Dungeon on Nov 9, 2016.
             The game lasted 00:34:26 (6968 turns).

Haldmier the Chiller (High Elf Ice Elementalist)    Turns: 6968, Time: 00:34:27

Health: 0/46       AC: 17    Str:  9    XL:     8   Next: 37%
Magic:  5/13       EV: 12    Int: 19    God:    Ashenzari [......]
Gold:   333        SH:  4    Dex: 16    Spells: 4 memorised, 3 levels left

rFire  . . .     SeeInvis .     e - +3 dagger (protect)
rCold  . . .     Gourm    .     a - +0 robe
rNeg   . . .     Faith    .     g - +0 buckler
rPois  .         Spirit   .     m - +1 helmet
rElec  .         Reflect  .     F - +0 cloak (curse)
rCorr  .         Harm     .     u - +2 pair of gloves
MR     .....                    v - +2 pair of boots
Stlth  ++........               (no amulet)
                                (no ring)
                                (no ring)

@: icy armour, very slightly contaminated, slow
A: no striking features
a: Curse Item, Renounce Religion


You were on level 6 of the Dungeon.
You worshipped Ashenzari.
Ashenzari was noncommittal.
You were not hungry.

You visited 2 branches of the dungeon, and saw 7 of its levels.

You collected 333 gold pieces.

Inventory:

Hand Weapons
 e - a +3 dagger of protection (weapon)
 s - a +0 whip of freezing
 t - a +0 falchion
 w - a +3 falchion
 E - a +2 dagger of venom
Missiles
 A - 2 tomahawks (quivered)
Armour
 a - a +0 robe (worn)
 g - a +0 buckler (worn)
 m - a +1 helmet (worn)
 u - a +2 pair of gloves (worn)
 v - a +2 pair of boots (worn)
 y - a +0 ring mail
 F - a cursed +0 cloak (worn)
Wands
 j - a wand of acid (10/15)
Scrolls
 f - 2 scrolls of fog {unknown}
 k - 2 scrolls of enchant armour {unknown}
 n - a scroll of teleportation {unknown}
 o - 2 scrolls of amnesia {unknown}
 q - a scroll of identify
 r - a scroll of blinking {unknown}
 x - a scroll of immolation {unknown}
 C - 2 scrolls of enchant weapon {unknown}
 H - a scroll of remove curse
Potions
 d - a potion of curing
 i - 3 potions of cancellation
 p - 2 potions of haste {unknown}
 z - a potion of brilliance
 B - a potion of magic
 D - 2 potions of heal wounds {unknown}
Books
 b - a book of Frost

   Spells                             Type                      Level
   a - Freeze                         Ice                          1
   b - Throw Frost                    Conjuration/Ice              2
   c - Ozocubu's Armour               Charms/Ice                   3
   d - Throw Icicle                   Conjuration/Ice              4
   e - Summon Ice Beast               Ice/Summoning                4
 I - a Young Poisoner's Handbook

   Spells                             Type                      Level
   a - Sting                          Conjuration/Poison           1
   b - Mephitic Cloud                 Conjuration/Poison/Air       3
   c - Olgreb's Toxic Radiance        Poison                       4
   d - Alistair's Intoxication        Transmutation/Poison         5
   e - Venom Bolt                     Conjuration/Poison           5
Comestibles
 c - 5 bread rations
 h - 7 fruits
 l - a meat ration
 G - a chunk of flesh


   Skills:
 - Level 4.0 Long Blades
 - Level 2.1 Dodging
 - Level 2.1 Stealth
 - Level 2.1 Shields
 - Level 3.0 Spellcasting
 + Level 3.6 Conjurations
 - Level 4.1 Charms
 + Level 3.0 Summonings
 + Level 7.3 Ice Magic


You had 3 spell levels left.
You knew the following spells:

 Your Spells              Type           Power        Failure   Level  Hunger
a - Freeze                Ice            ####         1%          1    None
b - Throw Frost           Conj/Ice       ###...       3%          2    ##.....
c - Ozocubu's Armour      Chrm/Ice       ###.....     6%          3    ###....
d - Summon Ice Beast      Ice/Summ       ###.....     28%         4    ####...


Dungeon Overview and Level Annotations

Branches:
Dungeon (6/15)             Temple (1/1) D:4

Altars:
Ashenzari
Cheibriados
Dithmenos
Elyvilon
Fedhas
Gozag
Hepliaklqana
Kikubaaqudgha
Makhleb
Nemelex Xobeh
Okawaru
Qazlal
Ru
Sif Muna
Trog
Uskayaw
Vehumet
Xom
Yredelemnul
Zin
The Shining One

Annotations:
D:4 Menkaure
D:6 Eustachio; Philosophy's ghost, novice HEHu


Message History

The centaur unwields an uncursed shortbow.
The centaur hits your ice beast!
Your ice beast barely misses Eustachio.
Your ice beast hits the centaur.
Your ice beast freezes the centaur.
Your ice beast hits the centaur but does no damage.
You see here an arrow.
Eustachio screams, "Hey, you killed my favourite bat!"
Some of the chunks of flesh in your inventory have rotted away.
Your ice beast hits the centaur.
Your ice beast freezes the centaur!
Eustachio closely misses you.
The centaur wields an uncursed shortbow.
The centaur shoots an arrow.
You block the arrow.
Eustachio screams, "Hey, you killed my favourite bat!"
You see here an arrow.
The centaur shoots an arrow.
The arrow hits you but does no damage.
Eustachio mumbles some strange words.
You see here an arrow.
A centaur opens the door.
Eustachio gestures wildly while chanting.
The scorpion stings you!
You die...

...........#.....# ..
######..#####..###############...
###..##.##..###..#..#..#..#...
#.....#.................(.....
#.....'.............(....(....
#.....#..........Y............
#.....#.........bb#..........#
#.....#.........@.r#...##...#.
#.....#......@s5c...#..##..#..
#.....#.....####'#...#....#...
#.....#.....##...#....#..#....
#.....#..........(.##..##..##.
#.....#............# ..# ..
#.....#............. #.
#.....#............
#.....#.....##...#..
#.....#.....##...#.#


You could see Eustachio, a centaur, a scorpion, a white imp, 2 bats, a rat and a
friendly ice beast.

Vanquished Creatures
  Edmund (D:4)
  2 phantoms
  2 bullfrogs (D:5)
  2 scorpions (D:4)
  A howler monkey (D:5)
  A bullfrog zombie (D:5)
  2 crimson imps
  2 bullfrog skeletons
  2 orc priests
  A jelly (D:6)
  Terence (D:3)
  Natasha (D:2)
  6 orc wizards
  4 worker ants
  A hound skeleton (D:4)
  Robin (D:2)
  6 adders
  2 shadow imps
  An ooze (D:4)
  3 worms
  A dart slug (D:2)
  7 leopard geckos
  25 orcs
  A ball python (D:5)
  A giant cockroach (D:3)
  8 hobgoblins
  2 jackals (D:3)
  5 quokkas
  7 bats
  3 frilled lizards
  20 goblins
  5 kobolds
  A quokka zombie (D:6)
  10 rats
138 creatures vanquished.

Vanquished Creatures (others)
  A human (D:4)
1 creature vanquished.

Grand Total: 139 creatures vanquished

Notes
Turn   | Place    | Note
-------+----------+-------------------------------------------
     0 | D:1      | Haldmier the High Elf Ice Elementalist began the quest for the Orb.
     0 | D:1      | Reached XP level 1. HP: 11/11 MP: 4/4
   488 | D:1      | Reached XP level 2. HP: 17/17 MP: 1/6
   868 | D:1      | Learned a level 2 spell: Throw Frost
  1128 | D:2      | Noticed Robin
  1134 | D:2      | Reached skill level 4 in Ice Magic
  1152 | D:2      | Killed Robin
  1152 | D:2      | Reached XP level 3. HP: 8/21 MP: 0/7
  1192 | D:2      | Reached skill level 1 in Shields
  1204 | D:2      | Noticed Natasha
  1720 | D:2      | Killed Natasha
  1720 | D:2      | Reached XP level 4. HP: 27/27 MP: 3/8
  2066 | D:2      | You fall through a shaft!
  2683 | D:3      | Found a faded altar of an unknown god.
  2736 | D:3      | Noticed Terence
  2753 | D:3      | Reached skill level 5 in Ice Magic
  2761 | D:3      | Learned a level 3 spell: Ozocubu's Armour
  2778 | D:3      | Reached XP level 5. HP: 26/31 MP: 3/9
  2865 | D:3      | Killed Terence
  2865 | D:3      | Reached skill level 1 in Charms
  3030 | D:3      | Reached skill level 1 in Long Blades
  3403 | D:4      | Noticed Menkaure
  3554 | D:4      | Noticed a phantom
  3631 | D:4      | Killed a phantom
  3631 | D:4      | Reached XP level 6. HP: 7/36 MP: 10/10
  3922 | D:4      | Noticed Edmund
  3934 | D:4      | Killed Edmund
  4098 | D:4      | Reached skill level 6 in Ice Magic
  4130 | D:4      | Reached XP level 7. HP: 26/41 MP: 5/11
  4471 | D:4      | Learned a level 4 spell: Summon Ice Beast
  4471 | D:4      | Found an ancient bone altar of Kikubaaqudgha.
  4472 | D:4      | Noticed a human
  4475 | D:4      | Killed a human
  4594 | D:4      | HP: 2/41 [poisoned by an orc priest]
  4909 | D:4      | Found a staircase to the Ecumenical Temple.
  4927 | Temple   | Entered the Ecumenical Temple
  4991 | Temple   | Became a worshipper of Ashenzari the Shackled
  5332 | D:5      | Entered Level 5 of the Dungeon
  5393 | D:5      | Reached skill level 1 in Summonings
  6160 | D:5      | Reached XP level 8. HP: 40/46 MP: 9/13
  6478 | D:6      | Noticed Eustachio
  6490 | D:5      | Reached skill level 7 in Ice Magic
  6595 | D:6      | Noticed Philosophy's ghost (novice HEHu)
  6939 | D:6      | Noticed a gargoyle
  6968 | D:6      | Slain by a scorpion

Skill      XL: |  1  2  3  4  5  6  7  8 |
---------------+-------------------------+-----
Ice Magic      | 4 5 6 7 |  7.3
Shields        | 1 2 |  2.1
Charms         | 2 3 4 |  4.1
Long Blades    | 2 3 4 |  4.0
Spellcasting   | 3 |  3.0
Summonings     | 2 3 |  3.0
Conjurations   | 2 3 |  3.6
Dodging        | |  2.1
Stealth        | |  2.1

Action                   |  1- 3 |  4- 6 |  7- 9 || total
-------------------------+-------+-------+-------++-------
Melee: Dagger            |    29 |   135 |   192 ||   356
       Short sword       |       |     6 |       ||     6
 Cast: Freeze            |    43 |    79 |    57 ||   179
       Ozocubu's Armour  |       |     4 |     5 ||     9
       Summon Ice Beast  |       |       |     1 ||     1
  Use: Scroll            |       |       |     5 ||     5
       Potion            |       |       |     1 ||     1
 Stab: Distracted        |     1 |       |       ||     1
       Sleeping          |     1 |     5 |     2 ||     8
  Eat: Chunk             |     3 |     8 |    10 ||    21
Armor: Robe              |    11 |    60 |    90 ||   161
Dodge: Dodged            |    25 |    72 |   123 ||   220
Block: Buckler           |     6 |    27 |    44 ||    77
